AoeStats
← 297539664

Pilgrims

509048633Analyzed
4v4 RM · 7d ago on Sep 25, 2026· 44m 27s· 8 players
Game mode
Random Map
Map size
Large (8 player)
Population
200
Speed
Normal
Resources
Standard
Victory
Conquest
Starting age
Dark Age
Ending age
Imperial Age
RankedLock teamsTeams togetherTeam positionsShared explorationLock speedFull tech treeHidden civsTurbo modeCheats
Victory
Defeat
🇨🇳 Vikings · China
1452
+17
🇨🇳 Khmer · China
1421
+18
🇨🇳 Mongols · China
1419
+18
🇩🇪 Danes · Germany
1414
+19
🇨🇳 Berbers · China
1495
-19
🇨🇳 Bohemians · China
1482
-18
🇨🇦 Sicilians · Canada
1464
-18
🇹🇷 Malians · Türkiye
1440
-17
Lothwen
12:57 Feudal Age
13:29 Feudal Age
14:25 Double-Bit Axe
17:30 Castle Age
19:43 Scale Mail Armor
27:59 Chain Mail Armor
30:13 Wheelbarrow
30:34 Bow Saw
30:07 Horse Collar
34:47 Imperial Age
32:56 Gold Mining
37:23 Conscription
37:31 Conscription
38:13 Plate Mail Armor
37:53 Forging
40:00 Elite Gbeto
41:45 Iron Casting
42:04 Fletching
43:29 Bodkin Arrow
ahjol
5:51 Loom
11:46 Feudal Age
12:49 Double-Bit Axe
20:49 Castle Age
24:13 Forging
25:02 Scale Barding Armor
25:26 Fishing Lines
28:17 Castle Age
27:48 Bloodlines
29:23 Chain Barding Armor
29:24 Husbandry
30:10 Horse Collar
30:39 Town Watch
31:08 Bow Saw
34:07 Fletching
34:57 Demolition Ship
38:10 Wheelbarrow
42:53 Imperial Age
41:21 Bodkin Arrow
usqyn
12:30 Feudal Age
13:07 Double-Bit Axe
14:02 Fishing Lines
16:09 Town Watch
19:31 Castle Age
17:55 Loom
20:25 Medium Warships
19:38 Demolition Ship
20:45 Bow Saw
23:14 Wheelbarrow
23:15 Fletching
23:35 Gillnets
24:15 Bodkin Arrow
25:19 Fervor
25:30 Sanctity
25:53 Forging
29:12 Imperial Age
26:59 Hand Cart
27:33 Iron Casting
26:59 Scale Mail Armor
28:02 Pikeman
28:42 Squires
28:28 Arson
30:27 Heavy Warships
31:01 Capped Ram
34:33 Conscription
36:13 Ballistics
riduridu_
7:11 Loom
10:32 Feudal Age
13:29 Horse Collar
17:58 Castle Age
16:36 Scale Mail Armor
18:30 Forging
19:52 Chain Mail Armor
22:15 Iron Casting
22:17 Gold Mining
22:53 Fletching
23:59 Bodkin Arrow
28:10 Ballistics
27:27 Pikeman
30:20 Squires
31:14 Murder Holes
32:19 Masonry
33:10 Sanctity
41:01 Imperial Age
41:03 Halberdier
42:22 Plate Mail Armor
41:45 Halberdier
42:33 Halberdier
Bizzy
11:09 Feudal Age
11:18 Loom
12:20 Double-Bit Axe
15:06 Castle Age
13:09 Gold Mining
13:34 Fishing Lines
15:52 Town Watch
16:18 Bow Saw
17:35 Bow Saw
18:42 Fletching
23:13 Bow Saw
22:44 Horse Collar
24:02 Heavy Plow
24:38 Wheelbarrow
26:50 Hand Cart
31:49 Gold Shaft Mining
31:04 Stone Mining
32:44 Bodkin Arrow
38:02 Imperial Age
37:21 Stone Shaft Mining
36:48 Scale Mail Armor
36:58 Forging
38:06 Chain Mail Armor
39:14 Conscription
39:06 Squires
40:29 Plate Mail Armor
40:12 Masonry
40:23 Bracer
40:49 Ballistics
42:01 Siege Engineers
43:08 Arson
44:15 Elite Jomsviking
安心
7:05 Loom
11:37 Feudal Age
16:13 Castle Age
15:24 Double-Bit Axe
17:51 Bow Saw
25:09 Fletching
25:52 Bodkin Arrow
33:27 Padded Archer Armor
34:07 Ballistics
39:22 Wheelbarrow
向阳花
10:12 Feudal Age
10:39 Double-Bit Axe
25:49 Castle Age
24:08 Gold Mining
24:12 Fletching
25:43 Horse Collar
26:55 Bodkin Arrow
28:31 Clinker Construction
29:46 Ballistics
40:00 Imperial Age
38:09 Scale Mail Armor
40:15 Heavy Plow
40:08 Elite Longship
42:43 Chemistry
43:03 Bracer
297539664
13:15 Feudal Age
16:00 Castle Age
13:49 Double-Bit Axe
18:55 Bow Saw
19:48 Horse Collar
22:21 Wheelbarrow
22:04 Gold Mining
23:00 Scale Barding Armor
23:06 Forging
23:21 Heavy Plow
26:57 Iron Casting
26:44 Chain Barding Armor
27:12 Gold Shaft Mining
28:33 Medium Warships
31:20 Imperial Age
30:06 Bloodlines
31:57 Elite Battle Elephant
35:03 Plate Barding Armor
36:37 Heavy Scorpion
38:59 Blast Furnace
38:25 Husbandry
37:46 Light Cavalry
40:10 Hussar
Connection lost

Rejoining the realm…

Still unreachable

The connection could not be restored.

Session expired

The server has moved on; the page needs a fresh start.